 Dungeon Crawl Stone Soup version 0.21.1-1-g345015f (webtiles) character file.

19757 nicolaieve the Severer (level 12, -1/106 HPs)
             Began as a Minotaur Berserker on July 17, 2018.
             Was a High Priest of Trog.
             Slain by an eight-headed hydra (4 damage)
             ... on level 4 of the Lair of Beasts.
             The game lasted 00:39:43 (8591 turns).

nicolaieve the Severer (Minotaur Berserker)         Turns: 8591, Time: 00:39:44

Health: -1/106     AC: 22    Str: 28    XL:     12   Next: 39%
Magic:  3/3        EV: 10    Int:  4    God:    Trog [*****.]
Gold:   676        SH:  0    Dex: 12    Spells: 11/11 levels left

rFire    . . .     SeeInvis .   I - +4 battleaxe (antimagic)
rCold    . . .     Gourm    .   (shield currently unavailable)
rNeg     . . .     Faith    .   h - +6 chain mail "Beozale" {+Blink rCorr}
rPois    .         Spirit   .   (helmet restricted)
rElec    .         Reflect  .   (no cloak)
rCorr    +         Harm     .   s - +0 pair of gloves
MR       .....                  (no boots)
Stlth    ..........             (no amulet)
HPRegen  0.27/turn              x - +3 ring of dexterity
MPRegen  0.08/turn              L - +3 ring of protection

@: no status effects
A: retaliatory headbutt, horns 2
a: Berserk, Trog's Hand, Brothers in Arms, Burn Spellbooks, Renounce Religion,
Evoke Blink


You were on level 4 of the Lair of Beasts.
You worshipped Trog.
Trog was extremely pleased with you.
You were very hungry.

You visited 2 branches of the dungeon, and saw 13 of its levels.
You also visited: Sewer.

You collected 676 gold pieces.

Inventory:

Hand Weapons
 u - a +0 whip of flaming
 I - a +4 antimagic battleaxe (weapon)
 Q - a +5 war axe
Armour
 h - the +6 chain mail "Beozale" (worn) {+Blink rCorr}
   (You found it on level 4 of the Dungeon)

   It lets you blink.
   It protects you from acid and corrosion.
 s - a +0 pair of gloves (worn)
 J - a +0 plate armour
Jewellery
 j - an uncursed ring of positive energy
 x - a +3 ring of dexterity (left hand)
 K - an uncursed ring of protection from cold
 L - a +3 ring of protection (right hand)
Wands
 a - a wand of flame (65)
 q - a wand of disintegration (15)
 v - a wand of paralysis (17)
 C - a wand of scattershot (4)
 E - a wand of iceblast (9)
Scrolls
 e - 4 scrolls of enchant weapon {unknown}
 i - 8 scrolls of teleportation {unknown}
 k - 4 scrolls of random uselessness {unknown}
 m - 5 scrolls of remove curse
 o - 3 scrolls of noise {unknown}
 p - 4 scrolls of immolation {unknown}
 t - 2 scrolls of identify
 y - 2 scrolls of enchant armour {unknown}
 A - a scroll of holy word {unknown}
 B - a scroll of brand weapon {unknown}
 F - a scroll of fear {unknown}
 G - 4 scrolls of magic mapping {unknown}
 M - a scroll of fog {unknown}
Potions
 b - a potion of ambrosia {unknown}
 d - a potion of berserk rage {unknown}
 f - 4 potions of flight
 g - 3 potions of heal wounds
 l - 2 potions of agility
 n - 4 potions of lignification
 r - 3 potions of curing
 w - 2 potions of invisibility {unknown}
 z - 2 potions of degeneration {unknown}
 D - a potion of resistance {unknown}
 H - a potion of mutation {unknown}
 N - a potion of haste
 P - a potion of might {unknown}
Comestibles
 c - 23 rations
 O - 20 chunks of flesh


   Skills:
 - Level 9.9 Fighting
 + Level 19.3 Axes
 - Level 9.9 Armour
 - Level 2.1 Dodging


You had 11 spell levels left.
You didn't know any spells.

Dungeon Overview and Level Annotations

Branches:
Dungeon (9/15)             Temple (0/1) D:5            Lair (4/6) D:9
  Swamp (0/4) Lair:2       Spider (0/4) Lair:2          Orc (0/2) D:9

Altars:
Cheibriados
Dithmenos
Elyvilon
Fedhas
Gozag
Kikubaaqudgha
Okawaru
Sif Muna
Trog
Uskayaw
Wu Jian
Xom

Annotations:
Lair:2 exclusion: oklob plant


Innate Abilities, Weirdness & Mutations

You reflexively headbutt those who attack you in melee.
You have a pair of horns on your head.


Message History

The eight-headed hydra misses you.
The eight-headed hydra barely misses you.
The eight-headed hydra bites you but does no damage.
The eight-headed hydra bites you!
* * * LOW HITPOINT WARNING * * *
The eight-headed hydra bites you but does no damage. x3
The eight-headed hydra bites you.
* * * LOW HITPOINT WARNING * * *
The eight-headed hydra barely misses you.
The eight-headed hydra bites you!
* * * LOW HITPOINT WARNING * * *
The eight-headed hydra bites you but does no damage.
The eight-headed hydra bites you!
* * * LOW HITPOINT WARNING * * *
The eight-headed hydra bites you but does no damage. x3
You recover from your berserk rage.
The eight-headed hydra closely misses you.
The eight-headed hydra bites you but does no damage.
The eight-headed hydra bites you.
You die...

.....##### ......
.......#.#####.........#
.<.###...................
.....##......)...........
.⌠....##.................
##.....##................
...##....................
#.###....#...............
...###....#.....@........
..............###D......#
.>..⌠...%.⌠#.###....>...P
..............###.......#
...##.....####.#........#
.####....#.# ####........
...##....### #.......#
..##...##..# P.......#
.⌠.....##### ........#


You could see an eight-headed hydra.

Vanquished Creatures
  Gastronok (Lair:2)
  Snorg (Lair:3)
  2 hydras
  A catoblepas (Lair:4)
  A two-headed ogre (D:8)
  Urug (Lair:3)
  Nergalle (Lair:2)
  The ghost of Nebukadnezar the Grappler, a novice VSAM of Uskayaw (D:8)
  The ghost of Theowulf the Fighter, a novice OgBe of Trog (D:6)
  10 spiny frogs
  2 komodo dragons
  2 dream sheep (D:8)
  4 hippogriffs
  A redback (Lair:2)
  15 yaks
  3 wyverns
  7 water moccasins
  2 porcupines
  2 ice beasts
  2 sky beasts (D:9)
  4 orc warriors
  A black bear (D:8)
  4 phantoms
  2 ogres
  2 centaurs
  4 crocodiles
  4 big kobolds
  8 bullfrogs
  A wyvern skeleton (D:9)
  2 scorpions
  3 wights (D:3)
  2 electric eels (Lair:3)
  2 howler monkeys
  2 crimson imps
  A quasit (D:5)
  Crazy Yiuf (D:7)
  A hound (D:6)
  10 orc wizards
  8 orc priests
  A bullfrog skeleton (D:6)
  A centaur skeleton (D:6)
  5 iguanas
  5 worker ants
  A hound zombie (D:8)
  2 hound skeletons
  A howler monkey skeleton (D:9)
  4 gnolls
  13 adders
  2 river rats (Sewer)
  A shadow imp (D:8)
  An ooze (D:5)
  An adder zombie (D:8)
  6 worms
  6 dart slugs
  3 leopard geckos
  41 orcs
  11 giant cockroaches
  5 goblins
  12 hobgoblins
  7 jackals
  8 quokkas
  2 ball pythons
  6 bats
  2 frilled lizards
  12 kobolds
  A leopard gecko zombie (D:8)
  A quokka skeleton (D:6)
  4 rats
287 creatures vanquished.

Notes
Turn   | Place    | Note
-------+----------+-------------------------------------------
     0 | D:1      | nicolaieve the Minotaur Berserker began the quest for the Orb.
     0 | D:1      | Reached XP level 1. HP: 19/19 MP: 0/0
    76 | D:1      | Reached skill level 4 in Axes
   110 | D:1      | Reached XP level 2. HP: 13/26 MP: 1/1
   526 | D:1      | HP: 1/26 [gnoll/whip (6)]
   530 | D:1      | Reached skill level 5 in Axes
   530 | D:1      | Reached XP level 3. HP: 2/31 MP: 2/2
   897 | D:2      | Reached ** piety under Trog
  1024 | D:2      | Found a hide-covered altar of Uskayaw.
  1143 | D:2      | Reached skill level 6 in Axes
  1143 | D:2      | Reached XP level 4. HP: 31/39 MP: 3/3
  1540 | D:2      | Found a bloodstained altar of Trog.
  1894 | D:3      | Reached skill level 7 in Axes
  1894 | D:3      | Reached XP level 5. HP: 38/45 MP: 4/4
  1999 | D:3      | Reached skill level 8 in Axes
  1999 | D:3      | Reached XP level 6. HP: 14/51 MP: 5/5
  2478 | D:3      | Reached *** piety under Trog
  2622 | D:4      | Found a glowing drain.
  2634 | D:4      | Reached skill level 9 in Axes
  2649 | Sewer    | Entered a sewer
  2744 | Sewer    | Found a glowing silver altar of Zin.
  2801 | D:4      | Reached XP level 7. HP: 47/57 MP: 6/6
  2817 | D:4      | Got a spiked chain mail
  2834 | D:4      | Identified the +6 chain mail "Beozale" {+Blink rCorr} (You found it on level 4 of the Dungeon)
  2978 | D:4      | Reached **** piety under Trog
  2978 | D:4      | Reached skill level 10 in Axes
  3400 | D:5      | Entered Level 5 of the Dungeon
  3420 | D:5      | Found an iron altar of Okawaru.
  3476 | D:5      | Found an opulent altar of Gozag.
  3532 | D:5      | Found a staircase to the Ecumenical Temple.
  3765 | D:5      | Found a white marble altar of Elyvilon.
  3990 | D:6      | Reached skill level 11 in Axes
  4039 | D:6      | Noticed Theowulf's ghost (novice OgBe)
  4053 | D:6      | Reached XP level 8. HP: 64/64 MP: 7/7
  4055 | D:6      | Killed Theowulf's ghost
  4055 | D:6      | Reached skill level 13 in Axes
  4550 | D:7      | Reached XP level 9. HP: 48/71 MP: 8/8
  4550 | D:7      | Reached ***** piety under Trog
  4586 | D:7      | Found an ornate altar of the Wu Jian Council.
  4640 | D:7      | Reached skill level 14 in Axes
  4702 | D:7      | Found a snail-covered altar of Cheibriados.
  4799 | D:7      | Found a runed door.
  4877 | D:7      | Found a deep blue altar of Sif Muna.
  4958 | D:7      | Found an ancient bone altar of Kikubaaqudgha.
  5046 | D:7      | Noticed Crazy Yiuf
  5051 | D:7      | Killed Crazy Yiuf
  5139 | D:8      | Reached skill level 5 in Fighting
  5155 | D:8      | Reached skill level 5 in Armour
  5207 | D:8      | Noticed a two-headed ogre
  5215 | D:8      | Killed a two-headed ogre
  5313 | D:8      | Noticed Nebukadnezar's ghost (novice VSAM)
  5323 | D:8      | Killed Nebukadnezar's ghost
  5323 | D:8      | Reached XP level 10. HP: 88/88 MP: 9/9
  5385 | D:8      | Found a blossoming altar of Fedhas.
  5387 | D:8      | Found a shadowy altar of Dithmenos.
  5387 | D:8      | Found a shadowy altar of Dithmenos.
  5389 | D:8      | Found a white marble altar of Elyvilon.
  5389 | D:8      | Found an iron altar of Okawaru.
  5389 | D:8      | Found a shimmering altar of Xom.
  5509 | D:8      | Noticed a two-headed hydra
  5529 | D:8      | Killed a two-headed hydra
  5744 | D:9      | Found a shadowy altar of Dithmenos.
  5775 | D:9      | Received a gift from Trog
  6015 | D:9      | Found a staircase to the Lair.
  6040 | D:9      | Found a staircase to the Orcish Mines.
  6065 | D:9      | Reached XP level 11. HP: 99/99 MP: 3/10
  6341 | Lair:1   | Entered Level 1 of the Lair of Beasts
  6348 | Lair:1   | Reached skill level 15 in Axes
  6824 | Lair:2   | Noticed an eight-headed hydra
  6835 | Lair:2   | Killed an eight-headed hydra
  6835 | Lair:2   | Reached skill level 16 in Axes
  6849 | Lair:2   | Found a hole to the Spider Nest.
  6944 | Lair:2   | Found a staircase to the Swamp.
  6950 | Lair:2   | Noticed Nergalle
  6961 | Lair:2   | Killed Nergalle
  7204 | Lair:2   | Reached skill level 17 in Axes
  7252 | Lair:2   | Noticed Gastronok
  7264 | Lair:2   | Killed Gastronok
  7405 | Lair:2   | Noticed an oklob plant
  7615 | Lair:3   | Noticed Urug
  7627 | Lair:3   | Killed Urug
  7627 | Lair:3   | Reached skill level 18 in Axes
  7627 | Lair:3   | Reached XP level 12. HP: 106/106 MP: 3/11
  8087 | Lair:3   | Noticed Snorg
  8101 | Lair:3   | Killed Snorg
  8449 | Lair:4   | Noticed a catoblepas
  8468 | Lair:4   | Killed a catoblepas
  8468 | Lair:4   | Reached skill level 19 in Axes
  8582 | Lair:4   | Noticed an eight-headed hydra
  8590 | Lair:4   | HP: 3/106 [eight-headed hydra (8)]
  8591 | Lair:4   | Slain by an eight-headed hydra

Skill      XL: |  1  2  3  4  5  6  7  8  9 10 11 12 |
---------------+-------------------------------------+-----
Axes           | 4 5 6 7 8 9 11 13 14 18 19 | 19.3
Armour         | 3 7 9 |  9.9
Fighting       | 4 8 9 |  9.9
Dodging        | |  2.1

Action                   |  1- 3 |  4- 6 |  7- 9 | 10-12 || total
-------------------------+-------+-------+-------+-------++-------
Melee: Hand axe          |    72 |   173 |   222 |    75 ||   542
       Headbutt          |    11 |    20 |    34 |    77 ||   142
       Whip              |       |       |       |    31 ||    31
       Battleaxe         |       |       |       |   142 ||   142
       War axe           |       |       |       |    36 ||    36
Invok: Berserk           |     1 |     1 |     5 |     9 ||    16
       Trog's Hand       |       |     1 |     1 |     4 ||     6
 Abil: Evoke Blink       |       |       |     1 |       ||     1
  Use: Scroll            |       |     4 |     2 |     3 ||     9
  Eat: Chunk             |     2 |     6 |    12 |    21 ||    41
Armor: Animal skin       |     4 |       |       |       ||     4
       Chain mail        |    18 |    82 |    84 |   170 ||   354
Dodge: Dodged            |    36 |    53 |    61 |   108 ||   258
